 Dungeon Crawl Stone Soup version 0.31-a0-360-gb3e1d13bf4 (webtiles) character file.

Game seed: 6708188414713640413

113 hashsling the Conjurer (level 5, -1/39 HPs)
             Began as a Human Conjurer on July 27, 2023.
             Slain by GiantSquids's ghost (2 damage)
             ... on level 3 of the Dungeon.
             The game lasted 00:08:59 (2682 turns).

hashsling the Conjurer (Human Conjurer)             Turns: 2682, Time: 00:08:59

Health: -1/39      AC:  4    Str:  7    XL:     5   Next: 17%
Magic:  5/8        EV: 12    Int: 20    God:
Gold:   132        SH:  0    Dex: 12    Spells: 2/8 levels left

rFire   . . .        j - +1 war axe (flame)
rCold   . . .        (no shield)
rNeg    . . .        f - +1 robe {Will+}
rPois   .            (no helmet)
rElec   .            (no cloak)
rCorr   .            (no gloves)
SInv    .            m - +0 pair of boots
Will    +....        (no amulet)
Stlth   ++           (no ring)
HPRegen 0.26/turn    (no ring)
MPRegen 0.11/turn

%: no passive effects
@: no status effects
A: no striking features
a: no special abilities


You were on level 3 of the Dungeon.
You visited 1 branch of the dungeon, and saw 3 of its levels.

You collected 132 gold pieces.

Inventory:

Hand Weapons
 j - a +1 war axe of flaming (weapon)
Missiles
 d - 3 poisoned darts
Armour
 f - a +1 robe of willpower (worn)
 h - the +0 ring mail "Julabez" {Fly Str+2 Int+3}
   (You found it on level 3 of the Dungeon)

   Str:       It affects your strength (+2).
   Int:       It affects your intelligence (+3).
   Fly:       It grants you flight.
 m - a +0 pair of boots (worn)
Scrolls
 a - 2 scrolls of teleportation {unknown}
 c - a scroll of identify {unknown}
 g - a scroll of enchant armour {unknown}
 k - a scroll of revelation {unknown}
 l - a scroll of torment {unknown}
 n - a scroll of fear {unknown}
Potions
 e - a potion of resistance {unknown}
 i - 2 potions of haste {unknown}


   Skills:
 * Level 2.5 Fighting
 + Level 2.3 Dodging
 - Level 2.0 Stealth
 - Level 2.0 Spellcasting
 + Level 5.2 Conjurations


You had 2 spell levels left.
You knew the following spells:

 Your Spells              Type           Power      Damage    Failure   Level
a - Magic Dart            Conj           88%        1d7       1%          1
b - Searing Ray           Conj           44%        2d6       2%          2
c - Dazzling Flash        Conj/Hex       24%        N/A       16%         3

Your spell library contained the following spells:

 Spells                   Type           Power      Damage    Failure   Level
 Summon Guardian Golem    Hex/Summ       2%         N/A       43%         3
 Fulminant Prism          Conj/Hex       6%         3d7       47%         4
 Iskenderun's Mystic Bla  Conj/Tloc      12%        2d5       47%         4
 Orb of Destruction       Conj           11%        9d6       100%        7
 Spellforged Servitor     Conj/Summ      6%         N/A       100%        7


Dungeon Overview and Level Annotations

Branches:
Dungeon (3/15)

Altars:
Kikubaaqudgha
Yredelemnul

Shops:
D:2 *

Annotations:
D:3 GiantSquids's ghost, amateur OpSh


Message History

GiantSquids's ghost is heavily damaged.
GiantSquids's ghost hits you!
You are too injured to fight recklessly!
You closely miss GiantSquids's ghost.
GiantSquids's ghost is heavily damaged.
GiantSquids's ghost closely misses you. GiantSquids's ghost misses you.
Aiming: Magic Dart (safe; 1% risk of failure)
Press: ? - help, Q - select action, (/) - cycle Shift-Dir - straight line, f/p - GiantSquids's ghost
Aim: GiantSquids's ghost (heavily damaged, 100% to hit)
The magic dart hits GiantSquids's ghost.
GiantSquids's ghost is heavily damaged.
GiantSquids's ghost barely misses you.
Aiming: Magic Dart (safe; 1% risk of failure)
Press: ? - help, Q - select action, (/) - cycle Shift-Dir - straight line, f/p - GiantSquids's ghost
Aim: GiantSquids's ghost (heavily damaged, 100% to hit)
The magic dart hits GiantSquids's ghost.
GiantSquids's ghost is heavily damaged.
GiantSquids's ghost closely misses you.
Aiming: Magic Dart (safe; 1% risk of failure)
Press: ? - help, Q - select action, (/) - cycle Shift-Dir - straight line, f/p - GiantSquids's ghost
Aim: GiantSquids's ghost (heavily damaged, 100% to hit)
The magic dart hits GiantSquids's ghost.
GiantSquids's ghost is severely damaged.
GiantSquids's ghost hits you.
* * * LOW HITPOINT WARNING * * *
Magic courses through your body. GiantSquids's ghost hits you.
* * * LOW HITPOINT WARNING * * *
Casting: Magic Dart (safe; 1% risk of failure)
Confirm with . or Enter, or press ? or * to list all spells.
Aiming: Searing Ray (safe; 2% risk of failure)
Press: ? - help, Shift-Dir - straight line, p - GiantSquids's ghost The searing ray hits GiantSquids's ghost.
GiantSquids's ghost is almost destroyed. (Press . to maintain the ray.) GiantSquids's ghost hits you.
* * * LOW HITPOINT WARNING * * *
The searing ray hits GiantSquids's ghost.
GiantSquids's ghost is almost destroyed.
GiantSquids's ghost hits you.
You die...

#.##### #.#####
#...... ####### #####
######### ##...##
#........ #.._..#
#.#...... ###...###
#.#.####. #..@....#
#)#.# #. #.#W''#.#
#)#.# #.
#.#...#.####.#.####.
'..#($?#..'...#.##...
################.##.##
#.##... ####.####.
.........> ####.##.##


You could see GiantSquids's ghost.

Vanquished Creatures
  A hound zombie (D:3)
  2 adders (D:2)
  An adder zombie (D:3)
  2 worms (D:2)
  2 dart slugs (D:3)
  3 orcs (D:3)
  4 bats
  5 endoplasms
  A giant cockroach (D:2)
  10 goblins
  7 hobgoblins
  5 quokkas
  6 ball pythons
  3 frilled lizards
  3 kobolds
  6 rats
61 creatures vanquished.

Notes
Turn   | Place    | Note
-------+----------+-------------------------------------------
     0 | D:1      | hashsling the Human Conjurer began the quest for the Orb.
     0 | D:1      | Reached XP level 1. HP: 13/13 MP: 3/3
   161 | D:1      | Reached XP level 2. HP: 20/20 MP: 1/5
   164 | D:1      | Learned a level 2 spell: Searing Ray
   491 | D:1      | Reached skill level 1 in Fighting
   566 | D:1      | Reached XP level 3. HP: 26/26 MP: 1/6
  1517 | D:2      | Found Olifad's Assorted Antiques.
  1537 | D:2      | Reached XP level 4. HP: 32/32 MP: 2/7
  1551 | D:2      | Reached skill level 5 in Conjurations
  1564 | D:2      | Learned a level 3 spell: Dazzling Flash
  2117 | D:3      | Found a faded altar of an unknown god.
  2206 | D:3      | Identified the +0 ring mail "Julabez" {Fly Str+2 Int+3}
  2347 | D:3      | Found an ancient bone altar of Kikubaaqudgha.
  2561 | D:3      | Found a runed translucent gate.
  2561 | D:3      | Noticed GiantSquids's ghost (amateur OpSh)
  2562 | D:3      | Found a runed translucent gate.
  2562 | D:3      | Found a runed translucent gate.
  2564 | D:3      | Found a basalt altar of Yredelemnul.
  2580 | D:3      | Reached XP level 5. HP: 39/39 MP: 1/8
  2681 | D:3      | HP: 1/39 [GiantSquids's ghost (5)]
  2682 | D:3      | Slain by GiantSquids's ghost

Illustrated notes

Levels and vault maps discovered:
D:1:      scummos_arrival_simple_fountains, layout_loops_corners
D:2:      layout_basic, serial_shops, nicolae_shop_waterfront
D:3:      layout_basic, kiku_gazebo_pond_becter,
          nicolae_yredelemnul_ghost_church, dreamdust_ecumenical_altar_statues,
          minmay_bisected

Skill      XL: |  1  2  3  4 |
---------------+-------------+-----
Fighting       | 1 2 |  2.5
Conjurations   | 5 |  5.2
Dodging        | |  2.3
Stealth        | |  2.0
Spellcasting   | |  2.0

Action                     |  1- 3 |  4- 6 || total
---------------------------+-------+-------++-------
  Melee: Club              |     6 |       ||     6
         War axe           |       |    30 ||    30
  Throw: Dart              |     2 |       ||     2
   Cast: Magic Dart        |    59 |    52 ||   111
         Searing Ray       |     1 |     3 ||     4
    Use: Potion            |       |     1 ||     1
 Armour: Robe              |     6 |    18 ||    24
  Dodge: Dodged            |     8 |    28 ||    36

Table legend: (Time is in decaauts)
 A = Elapsed time spent in this place.
 B = Non-inter-level travel time spent in this place.
 C = Inter-level travel time spent in this place.
 D = Time resting spent in this place.
 E = Time spent auto-exploring this place.
 F = Levels seen in this place.
 G = Mean time per level.
                   A        B        C        D        E       F      G
               +--------+--------+--------+--------+--------+-----+--------+
         Total |   2697 |   2616 |     81 |      0 |   2220 |   3 |  899.0 |
       Dungeon |   2697 |   2616 |     81 |      0 |   2220 |   3 |  899.0 |
               +--------+--------+--------+--------+--------+-----+--------+

Top non-repeatable levels by time:
     D:1: 1284 daAuts
     D:2: 776 daAuts
     D:3: 636 daAuts
